 Dungeon Crawl Stone Soup version 0.31-a0-848-gaac375c287 (webtiles) character file.

Game seed: 2697609739920226466

1185 retardedninja the Sneak (level 8, -2/41 HPs)
             Began as a Gargoyle Fire Elementalist on Oct 4, 2023.
             Slain by an orc priest
             ... wielding a +0 trident
              (8 damage)
             ... on level 6 of the Dungeon.
             The game lasted 00:10:57 (6841 turns).

retardedninja the Sneak (GrFE)                      Turns: 6841, Time: 00:10:58

Health: -2/41      AC: 10    Str: 11    XL:     8   Next: 42%
Magic:  14/14      EV: 12    Int: 19    God:
Gold:   249        SH:  0    Dex: 10    Spells: 12/15 levels left

rFire   . . .        b - +0 halberd
rCold   . . .        (shield currently unavailable)
rNeg    + . .        q - +2 robe {Will+}
rPois   ∞            (no helmet)
rElec   +            (no cloak)
rCorr   .            s - +0 pair of gloves
SInv    .            (no boots)
Will    +....        y - amulet of magic regeneration
Stlth   +++          (no ring)
HPRegen 0.26/turn    (no ring)
MPRegen 0.54/turn

%: no passive effects
@: no status effects
A: sickness immunity, AC +5, negative energy resistance 1, electricity
resistance, torment resistance 1, petrification resistance
a: no special abilities


You were on level 6 of the Dungeon.
You visited 1 branch of the dungeon, and saw 6 of its levels.

You collected 249 gold pieces.

Inventory:

Hand Weapons
 b - a +0 halberd (weapon)
Missiles
 c - a throwing net
Armour
 q - a +2 robe of willpower (worn)
 s - a +0 pair of gloves (worn)
Jewellery
 y - an amulet of magic regeneration (around neck)
Wands
 t - a wand of mindburst (17)
Scrolls
 g - a scroll of poison {unknown}
 h - a scroll of teleportation
 k - a scroll of immolation
 l - a scroll of summoning
 o - a scroll of fog {unknown}
 x - a scroll of enchant weapon {unknown}
Potions
 d - a potion of heal wounds
 e - a potion of degeneration
 m - a potion of attraction
 n - a potion of brilliance
 p - 2 potions of curing
 u - a potion of cancellation


   Skills:
 + Level 3.8 Dodging
 + Level 5.5 Stealth
 + Level 4.4 Spellcasting
 + Level 4.8 Conjurations
 + Level 5.3 Fire Magic


You had 12 spell levels left.
You knew the following spells:

 Your Spells              Type           Power      Damage    Failure   Level
a - Foxfire               Conj/Fire      92%        2x1d8     1%          1
b - Scorch                Fire           48%        2d7       2%          2

Your spell library contained the following spells:

 Spells                   Type           Power      Damage    Failure   Level
 Inner Flame              Hex/Fire       14%        N/A       13%         3
 Volatile Blastmotes      Fire/Tloc      28%        2d12      13%         3
 Stone Arrow              Conj/Erth      26%        3d8       14%         3
 Flame Wave               Conj/Fire      23%        2d8       16%         4
 Poisonous Vapours        Pois/Air       8%         N/A       21%         2
 Mephitic Cloud           Conj/Pois/Air  10%        N/A       21%         3
 Summon Guardian Golem    Hex/Summ       4%         N/A       36%         3
 Animate Armour           Summ/Erth      8%         N/A       78%         4
 Freezing Cloud           Conj/Ice/Air   5%         6-21      88%         5
 Orb of Destruction       Conj           11%        9d6       100%        7
 Spellforged Servitor     Conj/Summ      6%         N/A       100%        7
 Lehudib's Crystal Spear  Conj/Erth      6%         10d3      100%        8


Dungeon Overview and Level Annotations

Branches:
Dungeon (6/15)             Temple (0/1) D:5

Altars:
Cheibriados
The Shining One

Shops:
D:5 *

Annotations:
D:4 1 runed translucent door, croobank's ghost, novice OpDe


Innate Abilities, Weirdness & Mutations

You are immune to sickness and miasma.
Your stone body is resilient. (AC +5)
You are immune to poison.
You resist negative energy. (rN+)
You are resistant to electric shocks. (rElec)
You are resistant to unholy torment.
You are immune to petrification.


Message History

Casting: Foxfire (safe; 1% risk of failure)
Confirm with . or Enter, or press ? or * to list all spells.
Flames lash the iguana.
You kill the iguana!
Unknown command.
Casting: Scorch (safe; 2% risk of failure)
Confirm with . or Enter, or press ? or * to list all spells.
You can't see any susceptible monsters within range! (Use Z to cast anyway.) Unknown command.
Casting: Scorch (safe; 2% risk of failure)
Confirm with . or Enter, or press ? or * to list all spells.
You don't know that spell.
The orc priest invokes the aid of Beogh against you.
Pain shoots through your body!
The orc priest mumbles some strange prayers to Beogh against you.
Beogh smites you!
You are too injured to fight recklessly!
The orc priest invokes the aid of Beogh against you.
You resist with some effort.
You are too injured to fight recklessly!
A centaur comes into view.
You conjure some foxfire!
The centaur wields a +0 shortbow.
The centaur shoots an arrow.
The arrow hits you.
The foxfire hits the orc priest.
The orc priest is lightly wounded.
The foxfire hits the orc priest but does no damage.
The orc priest is lightly wounded.
The centaur shoots an arrow.
The arrow hits you.
The orc priest invokes the aid of Beogh against you.
Beogh smites you!
* * * LOW HITPOINT WARNING * * *
The centaur shoots an arrow.
The arrow barely misses you.
The orc priest hits you from afar with a +0 trident!
You die...

## .## ..##
.#######...##
............##
..[..........#
.....o†@..#
...........#
....#.........#
... #........##
. .........#
............
#......###...
##...c## ..#


You could see a centaur and an orc priest.

Vanquished Creatures
  Pikel (D:5)
  Sigmund (D:3)
  An ogre (D:5)
  A phantom (D:5)
  2 lemures (D:5)
  2 scorpions
  A crimson imp (D:3)
  3 iguanas
  A sleepcap (D:5)
  5 adders
  A white imp (D:3)
  A worm (D:4)
  3 dart slugs
  6 orcs
  6 endoplasms
  3 giant cockroaches
  9 goblins
  10 hobgoblins
  3 jackals (D:2)
  A quokka (D:2)
  6 ball pythons
  3 bats (D:3)
  7 frilled lizards
  A goblin skeleton (D:3)
  3 hobgoblin zombies (D:3)
  8 kobolds
  2 kobold skeletons (D:3)
  A kobold zombie (D:3)
  An orc zombie (D:3)
  13 rats
106 creatures vanquished.

Vanquished Creatures (collateral kills)
  2 foxfires
2 creatures vanquished.

Vanquished Creatures (others)
  479 foxfires
479 creatures vanquished.

Grand Total: 587 creatures vanquished

Notes
Turn   | Place    | Note
-------+----------+-------------------------------------------
     0 | D:1      | retardedninja the Gargoyle Fire Elementalist began the
                  | quest for the Orb.
     0 | D:1      | Reached XP level 1. HP: 10/10 MP: 3/3
   187 | D:1      | Reached XP level 2. HP: 15/15 MP: 0/5
   945 | D:1      | Reached XP level 3. HP: 19/19 MP: 2/6
  2981 | D:3      | You fall into a shaft and drop 3 floors!
  3034 | D:5      | Entered Level 5 of the Dungeon
  3059 | D:4      | Reached XP level 4. HP: 10/24 MP: 2/7
  3063 | D:4      | Learned a level 2 spell: Scorch
  3287 | D:3      | Noticed a scorpion
  3292 | D:3      | Killed a scorpion
  3293 | D:3      | Reached XP level 5. HP: 28/28 MP: 3/9
  3389 | D:3      | Found a glowing golden altar of the Shining One.
  3611 | D:3      | Identified the ring of Mudasil {rPois rN+ rCorr Int-4}
  3846 | D:3      | Found a faded altar of an unknown god.
  4334 | D:3      | Noticed Sigmund
  4345 | D:3      | Killed Sigmund
  4346 | D:3      | Reached XP level 6. HP: 24/32 MP: 0/10
  5016 | D:4      | Found a snail-covered altar of Cheibriados.
  5313 | D:4      | Found a runed translucent door.
  5396 | D:4      | Reached XP level 7. HP: 36/36 MP: 5/12
  5494 | D:4      | Noticed croobank's ghost (novice OpDe)
  5805 | D:5      | Found a staircase to the Ecumenical Temple.
  6306 | D:5      | Found Cytoub's Fire Supplies.
  6535 | D:6      | Noticed Pikel
  6739 | D:5      | Killed Pikel
  6740 | D:5      | Reached skill level 5 in Stealth
  6740 | D:5      | Reached skill level 5 in Fire Magic
  6740 | D:5      | Reached XP level 8. HP: 18/41 MP: 1/14
  6841 | D:6      | Slain by an orc priest

Illustrated notes

Levels and vault maps discovered:
D:1:      minmay_arrival_plants_in_alcoves, layout_loops_cross, minivault_14,
          minmay_cut_off
D:2:      layout_basic
D:3:      layout_loops_ring, nicolae_tso_besieged_by_evil,
          shapermc_ecumenical_altar_gd, serial_bayou_crossing, uniq_sigmund
D:4:      layout_basic, nicolae_overflow_crystal_walls,
          ebering_ghost_reflecting_pool, st_stairs_10, minmay_misc_feat_x
D:5:      layout_gridville, minmay_temple_entry_from_below_a, minmay_hedge_maze,
          minmay_misc_feat_doors, nicolae_shop_fire_sale
          [nicolae_sub_dead_trees]
D:6:      layout_layer_cave, uniq_pikel

Skill      XL: |  1  2  3  4  5  6  7 |
---------------+----------------------+-----
Dodging        | 2 3 |  3.8
Conjurations   | 2 3 4 |  4.8
Stealth        | 3 4 5 |  5.5
Spellcasting   | 3 4 |  4.4
Fire Magic     | 4 5 |  5.3

Action                     |  1- 3 |  4- 6 |  7- 9 || total
---------------------------+-------+-------+-------++-------
  Melee: Short sword       |    10 |    46 |       ||    56
         Halberd           |       |     4 |       ||     4
         Punch             |       |     1 |       ||     1
   Cast: Foxfire           |   143 |   128 |    33 ||   304
         Scorch            |       |    11 |    26 ||    37
    Use: Scroll            |       |     3 |    11 ||    14
         Potion            |       |     1 |     2 ||     3
 Armour: Robe              |    45 |    59 |    38 ||   142
  Dodge: Dodged            |    61 |    73 |    26 ||   160
  Block: Kite shield       |     3 |       |       ||     3

Table legend: (Time is in decaauts)
 A = Elapsed time spent in this place.
 B = Non-inter-level travel time spent in this place.
 C = Inter-level travel time spent in this place.
 D = Time resting spent in this place.
 E = Time spent auto-exploring this place.
 F = Levels seen in this place.
 G = Mean time per level.
                   A        B        C        D        E       F      G
               +--------+--------+--------+--------+--------+-----+--------+
         Total |   6850 |   6693 |    157 |    258 |   5152 |   6 | 1141.7 |
       Dungeon |   6850 |   6693 |    157 |    258 |   5152 |   6 | 1141.7 |
               +--------+--------+--------+--------+--------+-----+--------+

Top non-repeatable levels by time:
     D:3: 1694 daAuts
     D:1: 1650 daAuts
     D:2: 1332 daAuts
     D:5: 1079 daAuts
     D:4: 1018 daAuts
     D:6: 75 daAuts
